AoeStats
← La piraña de aguas profundas

Arabia

508523055Analyzed
2v2 RM · 23d ago on Sep 22, 2026· 43m 6s· 4 players
Game mode
Random Map
Map size
Medium (4 player)
Population
200
Speed
Normal
Resources
Standard
Victory
Conquest
Starting age
Dark Age
Ending age
Imperial Age
RankedLock teamsTeams togetherTeam positionsShared explorationLock speedFull tech treeHidden civsTurbo modeCheats
Victory
Defeat
🇦🇷 Random · Argentina
1294
+15
🇦🇷 Ethiopians · Argentina
1283
+16
vs
1293
-16
🇪🇸 Burgundians · Spain
1260
-15
La piraña de aguas profundas
6:56 Loom
9:19 Feudal Age
9:49 Man-at-Arms
10:57 Town Watch
15:17 Double-Bit Axe
22:45 Castle Age
20:59 Horse Collar
24:51 Wheelbarrow
Bonjons
6:50 Loom
9:07 Feudal Age
9:42 Double-Bit Axe
22:33 Castle Age
22:06 Padded Archer Armor
26:06 Bow Saw
28:56 Husbandry
32:50 Gold Mining
36:27 Scale Barding Armor
43:43 Two-Man Saw
Meci
5:57 Loom
8:54 Feudal Age
17:11 Double-Bit Axe
20:10 Castle Age
18:47 Bloodlines
18:22 Horse Collar
20:39 Light Cavalry
21:36 Bow Saw
22:58 Scale Barding Armor
24:31 Husbandry
25:07 Town Watch
29:00 Wheelbarrow
28:41 Gold Mining
30:27 Town Patrol
30:42 Hand Cart
31:41 Chain Barding Armor
33:14 Forging
32:56 Vendel Legacy
37:06 Imperial Age
36:21 Iron Casting
36:50 Heavy Plow
37:10 Stone Mining
38:29 Plate Barding Armor
37:21 Cavalier
39:37 Blast Furnace
41:37 Two-Man Saw
41:11 Crop Rotation
42:41 Hussar
Lautib7
6:45 Loom
9:30 Feudal Age
13:55 Town Watch
15:47 Fletching
22:35 Wheelbarrow
24:57 Castle Age
23:04 Double-Bit Axe
23:49 Padded Archer Armor
25:49 Gold Mining
25:50 Stone Mining
25:29 Crossbowman
26:09 Bodkin Arrow
26:29 Leather Archer Armor
27:47 Thumb Ring
31:19 Ballistics
32:28 Hand Cart
31:59 Horse Collar
33:20 Gold Shaft Mining
43:29 Imperial Age
Connection lost

Rejoining the realm…

Still unreachable

The connection could not be restored.

Session expired

The server has moved on; the page needs a fresh start.